 Dungeon Crawl Stone Soup version 0.27.0-1-g7a089689b8 (webtiles) character file.

Game seed: 2738341239141152616

19 freelancePsychic the Sneak (level 2, -2/19 HPs)
             Began as a Kobold Delver on Aug 4, 2021.
             Was an Initiate of Trog.
             Shot with an arrow by a centaur (11 damage)
             ... on level 5 of the Dungeon.
             The game lasted 00:01:42 (454 turns).

freelancePsychic the Sneak (Kobold Delver)           Turns: 454, Time: 00:01:43

Health: -2/19      AC:  3    Str:  9    XL:     2   Next: 95%
Magic:  2/2        EV: 14    Int: 11    God:    Trog [......]
Gold:   0          SH:  0    Dex: 16    Spells: 1/1 levels left

rFire    . . .     SeeInvis .   a - +0 short sword
rCold    . . .     Faith    .   (shield restricted)
rNeg     . . .     Spirit   .   b - +0 leather armour
rPois    .         Reflect  .   (no helmet)
rElec    .         Harm     .   (no cloak)
rCorr    .         Rampage  .   (no gloves)
Will     .....                  (no boots)
Stlth    ++++......             (no amulet)
HPRegen  0.06/turn              (no ring)
MPRegen  0.08/turn              (no ring)

@: no status effects
A: small, no large weapons, nightstalker 3
a: Renounce Religion


You were on level 5 of the Dungeon.
You worshipped Trog.
Trog was noncommittal.
You visited 1 branch of the dungeon, and saw 1 of its levels.

Inventory:

Hand Weapons
 a - a +0 short sword (weapon)
Missiles
 h - 17 poisoned darts (quivered)
Armour
 b - a +0 leather armour (worn)
Wands
 g - a wand of digging (3)
Scrolls
 c - a scroll of fog
 d - a scroll of holy word {unknown}
 e - a scroll of fear
Potions
 f - a potion of haste {@q3}


   Skills:
 + Level 3.5 Fighting
 * Level 3.6 Short Blades
 - Level 2.4 Dodging
 + Level 6.8 Stealth


You had one spell level left.
You didn't know any spells.
Your spell library was empty.

Dungeon Overview and Level Annotations

Branches:
Dungeon (5/15)             Temple (0/1) D:5

Altars:
Trog


Innate Abilities, Weirdness & Mutations

You are small and have problems with some larger weapons.
You are completely attuned to the shadows.


Message History

You closely miss the adder.
The adder is heavily wounded.
The adder bites you.
You are poisoned.
The adder poisons you! The adder closely misses you.
You hit the adder.
The adder is almost dead.
You feel sick. The adder bites you.
You are more poisoned.
The adder poisons you!
You hit the adder.
You kill the adder!
You feel sick.
You start resting.
You feel sick. x7
You are no longer poisoned.
You start resting.
HP restored.
Found a bloodstained altar of Trog.
There is a bloodstained altar of Trog here.
You kneel at the altar of Trog.
Trog welcomes you!
Flames erupt from the bowels of the wizard!
Trog roars with satisfaction!
The wizard is engulfed in blazing flames.
Found a scroll labelled JUIVUCH QAOCH.
d - a scroll labelled JUIVUCH QAOCH
Found 17 poisoned darts.
An adder and a centaur come into view.
You see here 17 poisoned darts.
h - 17 poisoned darts
Found 7 stones.
Found a stone staircase leading up.
An iguana comes into view.
The centaur shouts!
The adder hisses angrily.
The centaur wields a +0 shortbow.
The centaur shoots an arrow.
The arrow hits you!
Ouch! That really hurt!
There is a stone staircase leading up, spattered with blood here.
The adder bites you but does no damage.
The centaur shoots an arrow.
The arrow hits you!
Ouch! That really hurt!
You die...

,,,,,..............,***,,,,,,,,,,
,****..............,,,,,,,,,,****
**,,,*.............,,,,,,,,,,,* *
*,*,**#............,,<**,,,**,**
**,,* ##.............***,,,***,**
***,**##...####......,*,,,*,***,,
***,**.....# *.c....,,,*,**,***,
,*****#....## *#.S...,***,**,,***
,,,***##....# ##@....,***,*,,** *
,,,,,*,#....###.##..#,,,,,,,*** *
***,,,..##....#..#.l#,**,,**,,***
* **,,#.*##..........,*,,****,**,
* **,*** #......###,,,,** *,**,,
* *,,* #..#.#.#**,,,,* ***,,*
****,** *#.####..(,,,,,* **,,**
**,,** *..* *,*##,,,,,****,,**
,,,** **,** *****,***,,,,,,**


You could see a centaur, an iguana and an adder.

Vanquished Creatures
  2 adders (D:5)
  A quokka (D:5)
3 creatures vanquished.

Vanquished Creatures (others)
  A wizard (D:5)
  6 plants (D:5)
7 creatures vanquished.

Grand Total: 10 creatures vanquished

Notes
Turn   | Place    | Note
-------+----------+-------------------------------------------
     0 | D:5      | freelancePsychic the Kobold Delver began the quest for the
                  | Orb.
     0 | D:5      | Reached XP level 1. HP: 14/14 MP: 1/1
    90 | D:5      | Reached XP level 2. HP: 19/19 MP: 2/2
   405 | D:5      | Found a bloodstained altar of Trog.
   408 | D:5      | Noticed a wizard
   410 | D:5      | Became a worshipper of Trog the Wrathful
   414 | D:5      | Killed a wizard
   436 | D:5      | Noticed a centaur
   454 | D:5      | Shot with an arrow by a centaur

Illustrated notes

Levels and vault maps discovered:
D:5:      layout_layer_cave, trog_wizard, minmay_temple_entry_gardened_gates,
          hex_tiny, kennysheep_generic_room_15

Skill      XL: |  1 |
---------------+----+-----
Short Blades   | 3 |  3.6
Fighting       | |  3.5
Dodging        | |  2.4
Stealth        | |  6.8

Action                   || total
-------------------------++-------
Melee: Short sword       ||    12
  Use: Scroll            ||     1
 Stab: Sleeping          ||     2
Armor: Leather armour    ||     1
Dodge: Dodged            ||     8
